 Dungeon Crawl Stone Soup version 0.26-a0-664-gc8b27b8fc1 (webtiles) character file.

Game seed: 8788672810188907081

150 Kinoniko the Bolt Thrower (level 5, -1/40 HPs)
             Began as a Human Hunter on Oct 13, 2020.
             Slain by a worm (9 damage)
             ... on level 3 of the Dungeon.
             The game lasted 00:03:12 (1856 turns).

Kinoniko the Bolt Thrower (Human Hunter)            Turns: 1856, Time: 00:03:14

Health: -1/40      AC:  4    Str: 13    XL:     5   Next: 58%
Magic:  5/5        EV: 13    Int: 11    God:
Gold:   151        SH:  0    Dex: 14    Spells: 4/4 levels left

rFire    . . .     SeeInvis .   b - +0 short sword
rCold    . . .     Faith    .   (no shield)
rNeg     . . .     Spirit   .   c - +0 leather armour
rPois    .         Reflect  .   (no helmet)
rElec    .         Harm     .   (no cloak)
rCorr    .         Rampage  .   e - +0 pair of gloves
MR       .....                  (no boots)
Stlth    +.........             (no amulet)
HPRegen  0.13/turn              (no ring)
MPRegen  0.09/turn              (no ring)

@: no status effects
A: no striking features
a: no special abilities


You were on level 3 of the Dungeon.
You visited 1 branch of the dungeon, and saw 3 of its levels.

You collected 151 gold pieces.

Inventory:

Hand Weapons
 a - a +1 hand crossbow
 b - a +0 short sword (weapon)
Missiles
 d - 49 bolts
Armour
 c - a +0 leather armour (worn)
 e - a +0 pair of gloves (worn)
Wands
 k - a wand of digging (5)
Scrolls
 g - a scroll of teleportation
Potions
 h - a potion of resistance
 i - a potion of curing
 j - a potion of brilliance {unknown}
 l - a potion of haste {unknown}
 m - a potion of degeneration {unknown}


   Skills:
 + Level 2.9 Fighting
 + Level 1.9 Short Blades
 * Level 5.1 Crossbows
 + Level 2.9 Dodging
 - Level 1.0 Stealth


You had 4 spell levels left.
You didn't know any spells.
Your spell library was empty.

Dungeon Overview and Level Annotations

Branches:
Dungeon (3/15)

Altars:


Message History

You are too injured to fight recklessly!
You are too injured to fight recklessly!
Unknown command.
Okay, then.
Okay, then.
b - a +0 short sword (weapon)
The orc hits you but does no damage.
You barely miss the worm.
The worm is heavily wounded.
The worm bites you!
* * * LOW HITPOINT WARNING * * *
A kobold comes into view. It is wielding a +0 dagger.
The kobold shouts!
You hit the orc.
The orc is heavily wounded.
The orc closely misses you.
You hit the orc.
The orc is severely wounded.
The orc misses you. The worm bites you!
You die...

#......(≈⌠
#.(K....⌠≈
#....≈≈...
#.).≈..≈≈.
#..(≈....≈
#.(..≈≈... .....
#(wo..≈≈.. .....
#.@## #.... #...###
.....
###...######...##..
##.........# #.#
#.##..########..
#.##..##........
#...#†##.####...
###.#>##.#..#.#.
#.####.#..#..[


You could see a worm, an orc and a kobold.

Vanquished Creatures
  An orc priest (D:3)
  3 adders
  3 oozes
  A worm (D:2)
  2 dart slugs (D:2)
  3 leopard geckos
  8 orcs (D:3)
  A giant cockroach (D:3)
  6 hobgoblins
  7 jackals (D:1)
  4 kobolds
  A quokka (D:2)
  5 bats
  4 frilled lizards
  6 goblins
  9 rats
64 creatures vanquished.

Notes
Turn   | Place    | Note
-------+----------+-------------------------------------------
     0 | D:1      | Kinoniko the Human Hunter began the quest for the Orb.
     0 | D:1      | Reached XP level 1. HP: 16/16 MP: 1/1
   285 | D:1      | Reached XP level 2. HP: 22/22 MP: 2/2
   380 | D:1      | Reached XP level 3. HP: 27/27 MP: 3/3
   440 | D:1      | Reached skill level 1 in Short Blades
   999 | D:2      | Reached XP level 4. HP: 34/34 MP: 4/4
  1740 | D:3      | Reached XP level 5. HP: 39/39 MP: 5/5
  1849 | D:3      | Reached skill level 5 in Crossbows
  1856 | D:3      | Slain by a worm

Illustrated notes

Levels and vault maps discovered:
D:1:      eino_arrival_water_cross, layout_basic
D:2:      layout_loops_ring
D:3:      cheibrodos_helix_gallery, layout_basic

Skill      XL: |  1  2  3  4  5 |
---------------+----------------+-----
Short Blades   | 1 |  1.9
Crossbows      | 5 |  5.1
Fighting       | |  2.9
Dodging        | |  2.9
Stealth        | |  1.0

Action                   |  1- 3 |  4- 6 || total
-------------------------+-------+-------++-------
Melee: Short sword       |       |     3 ||     3
 Fire: Hand crossbow     |    65 |    57 ||   122
  Use: Scroll            |     1 |     2 ||     3
Armor: Leather armour    |     7 |     8 ||    15
Dodge: Dodged            |    18 |    14 ||    32

Table legend: (Time is in decaauts)
 A = Elapsed time spent in this place.
 B = Non-inter-level travel time spent in this place.
 C = Inter-level travel time spent in this place.
 D = Time resting spent in this place.
 E = Time spent auto-exploring this place.
 F = Levels seen in this place.
 G = Mean time per level.
                   A        B        C        D        E       F      G
               +--------+--------+--------+--------+--------+-----+--------+
         Total |   1888 |   1848 |     40 |    100 |   1477 |   3 |  629.3 |
       Dungeon |   1888 |   1848 |     40 |    100 |   1477 |   3 |  629.3 |
               +--------+--------+--------+--------+--------+-----+--------+

Top non-repeatable levels by time:
     D:1: 860 daAuts
     D:2: 857 daAuts
     D:3: 170 daAuts
